 Dungeon Crawl Stone Soup version 0.20-b1-18-gaa2fd62 (webtiles) character file.

332 MTVSty1e the Skirmisher (level 6, -2/56 HPs)
             Began as a Minotaur Fighter on May 24, 2017.
             Slain by an ogre
             ... wielding a cursed -1 giant club
              (4 damage)
             ... on level 4 of the Dungeon.
             The game lasted 00:02:53 (1863 turns).

MTVSty1e the Skirmisher (Minotaur Fighter)          Turns: 1863, Time: 00:02:53

Health: -2/56      AC:  7    Str: 22    XL:     6   Next: 26%
Magic:  5/5        EV:  7    Int:  5    God:
Gold:   110        SH: 10    Dex: 10    Spells: 5/5 levels left

rFire    . . .     SeeInvis .   a - +0 war axe
rCold    . . .     Gourm    .   c - +0 shield
rNeg     . . .     Faith    .   b - +0 scale mail
rPois    .         Spirit   .   (helmet restricted)
rElec    .         Reflect  .   (no cloak)
rCorr    .         Harm     .   (no gloves)
MR       +....                  (no boots)
Stlth    ..........             (no amulet)
Regen    0.2/turn               m - ring of protection from magic
MPRegen  0.1/turn               (no ring)

@: no status effects
A: retaliatory headbutt, horns 2
a: no special abilities


You were on level 4 of the Dungeon.
You were not hungry.

You visited 1 branch of the dungeon, and saw 4 of its levels.

You collected 110 gold pieces.

Inventory:

Hand Weapons
 a - a +0 war axe (weapon)
Armour
 b - a +0 scale mail (worn)
 c - a +0 shield (worn)
Jewellery
 m - a ring of protection from magic (left hand)
 o - an uncursed ring of protection from magic
Scrolls
 e - 4 scrolls of identify {unknown}
 g - 2 scrolls of teleportation {unknown}
 i - a scroll of fog {unknown}
 p - a scroll of enchant weapon {unknown}
 r - a scroll of amnesia {unknown}
Potions
 d - a potion of might
 h - 3 potions of curing {unknown}
 j - a potion of resistance {unknown}
 k - a potion of haste {unknown}
 l - a potion of berserk rage {unknown}
 n - a potion of flight {unknown}
Comestibles
 f - 3 bread rations
 q - a royal jelly


   Skills:
 * Level 5.6 Fighting
 * Level 5.2 Axes
 + Level 4.7 Armour
 + Level 4.7 Shields


You had 5 spell levels left.
You didn't know any spells.

Dungeon Overview and Level Annotations

Branches:
Dungeon (4/15)
 Temple: D:4-7

Altars:
Ashenzari
Dithmenos


Innate Abilities, Weirdness & Mutations

You reflexively headbutt those who attack you in melee.
You have a pair of horns on your head.


Message History

You block the ogre's attack.
You barely miss the ogre.
The ogre is moderately wounded.
You barely miss the ogre. The ogre barely misses you.
You block the ogre's attack.
Your shield and scale mail prevent you from hitting the ogre.
The ogre is moderately wounded.
You hit the ogre but do no damage. You block the ogre's attack.
You block the worker ant's attack. The ogre barely misses you.
You furiously retaliate!
You headbutt the ogre! You hit the ogre but do no damage.
You headbutt the ogre.
The ogre is severely wounded.
You hit the worker ant. You barely miss the ogre.
You block the worker ant's attack. The ogre hits you with a giant club!!
The ogre hits you with a giant spiked club!
* * * LOW HITPOINT WARNING * * *
You block the worker ant's attack.
There is a stone staircase leading up here.
The worker ant barely misses you. The ogre hits you with a giant club.
You die...

..## . ...# ..
..# .##.## ....#
#.#####..#
#.......O####.#.#
#.......a@......#
#.#.....O########
......#..#
#.##.....# #
.?....## ###.####
#. #


You could see 2 ogres and a worker ant.

Vanquished Creatures
  Sigmund (D:2)
  An orc priest (D:3)
  An orc wizard (D:3)
  Jessica (D:2)
  2 adders (D:2)
  An ooze (D:2)
  3 worms
  4 dart slugs (D:1)
  3 orcs (D:3)
  2 giant cockroaches
  3 hobgoblins
  3 jackals (D:1)
  9 kobolds
  A ball python (D:1)
  8 bats
  5 frilled lizards
  5 goblins
  7 rats
60 creatures vanquished.

Notes
Turn   | Place    | Note
-------+----------+-------------------------------------------
     0 | D:1      | MTVSty1e the Minotaur Fighter began the quest for the Orb.
     0 | D:1      | Reached XP level 1. HP: 19/19 MP: 0/0
   182 | D:1      | Reached XP level 2. HP: 23/27 MP: 1/1
   447 | D:1      | Reached XP level 3. HP: 33/33 MP: 2/2
   762 | D:2      | Noticed Sigmund
   784 | D:2      | Killed Sigmund
   784 | D:2      | Reached skill level 5 in Fighting
   784 | D:2      | Reached XP level 4. HP: 26/42 MP: 3/3
   784 | D:2      | Reached XP level 5. HP: 30/48 MP: 4/4
  1005 | D:2      | Found a shadowy altar of Dithmenos.
  1106 | D:2      | Noticed Jessica
  1110 | D:2      | Killed Jessica
  1402 | D:3      | Reached skill level 5 in Axes
  1402 | D:3      | Reached XP level 6. HP: 43/56 MP: 5/5
  1728 | D:3      | Found a shattered altar of Ashenzari.
  1860 | D:4      | HP: 1/56 [ogre/giant spiked club (17)]
  1863 | D:4      | Slain by an ogre

Skill      XL: |  1  2  3  4  5 |
---------------+----------------+-----
Axes           | 3 4 5 |  5.2
Fighting       | 4 5 |  5.6
Shields        | 4 |  4.7
Armour         | 4 |  4.7

Action                   |  1- 3 |  4- 6 || total
-------------------------+-------+-------++-------
Melee: War axe           |    72 |    72 ||   144
       Headbutt          |     5 |    14 ||    19
  Use: Potion            |     1 |       ||     1
  Eat: Bread ration      |       |     1 ||     1
Armor: Scale mail        |    30 |    34 ||    64
Dodge: Dodged            |    33 |    19 ||    52
Block: Shield            |    39 |    38 ||    77
